 Dungeon Crawl Stone Soup version 0.30-a0-777-ga9a30cbeda (webtiles) character file.

Game seed: 15515195934447982580

1590378 mccafe the Slayer (level 27, 236/236 (242) HPs)
             Began as a Merfolk Summoner on Feb 3, 2023.
             Was the Champion of Cheibriados.
             Escaped with the Orb
             ... and 3 runes on Feb 13, 2023!
             The game lasted 08:09:23 (84637 turns).

mccafe the Slayer (Merfolk Summoner)               Turns: 84637, Time: 08:09:23

HP:   236/236 (242) AC: 35    Str: 33    XL:     27
MP:   25/42         EV: 18    Int: 42    God:    Cheibriados [******]
Gold: 3847          SH: 21    Dex: 29    Spells: 8/66 levels left

rFire   + . .      SeeInvis +    Z - +8 demon trident (heavy)
rCold   + . .      Faith    .    Y - +5 kite shield
rNeg    + . .      Spirit   .    s - +8 gold dragon scales
rPois   +          Reflect  .    g - +0 helmet "Pekkuj" {+Blink rPois Regen+ SInv}
rElec   .          Harm     .    A - +4 dragonskin cloak
rCorr   +          Rampage  .    n - +1 pair of gloves {Str+3}
Will    ++...      Rnd*Tele +    a - +2 pair of boots "Towisatuh" {rN+ Int+5} Stlth
                                 f - amulet of magic regeneration
HPRegen 1.39/turn                d - ring of wizardry
MPRegen 0.68/turn                p - ring of resist corrosion

@: studying 2 skills, lightly drained, very slow
A: (nimble swimmer 2), mertail, clever 1, deformed body, low MP 1, teleportitis
1, weak 1
0: Orb of Zot
}: 3/15 runes: decaying, silver, gossamer
a: Renounce Religion, Evoke Blink, Bend Time, Temporal Distortion, Slouch, Step
From Time


You escaped.
You worshipped Cheibriados.
Cheibriados was exalted by your worship.
You visited 12 branches of the dungeon, and saw 56 of its levels.
You visited the Abyss 1 time.
You also visited: Ice Cave and Wizlab.

You collected 8742 gold pieces.
You spent 4895 gold pieces at shops.

Inventory:

Hand Weapons
 Z - a +8 heavy demon trident (weapon)
Armour
 a - the +2 pair of boots "Towisatuh" (worn) {rN+ Int+5}
   (You acquired it on level 5 of the Dungeon)

   Int:       It affects your intelligence (+5).
   rN:        It protects you from negative energy.
 g - the +0 helmet "Pekkuj" (worn) {+Blink rPois Regen+ SInv}
   (You found it on level 5 of the Vaults)

   rPois:     It protects you from poison.
   SInv:      It lets you see invisible.
   +Blink:    It lets you blink.
   Regen:     It increases your rate of health regeneration.
 n - a +1 pair of gloves of strength (worn)
 s - +8 gold dragon scales (worn)
 A - the +4 dragonskin cloak (worn)
   (You took it off Tiamat on level 4 of the Realm of Zot)

   Avatar's Aegis: It grants the wearer a chance to resist fire, cold, poison,
   electricity, acid, and negative energy.
 L - the +7 plate armour of Negligence {Will+ Dex+3}
   (You bought it in a shop on level 5 of the Vaults)

   Dex:       It affects your dexterity (+3).
   Will:      It increases your willpower.
 Q - the +1 faerie dragon scales {rCorr Str-3 SInv Stlth+}
   (You took it off the Enchantress on level 2 of the Depths)

   Str:       It affects your strength (-3).
   SInv:      It lets you see invisible.
   rCorr:     It protects you from acid and corrosion.
   Stlth:     It makes you more stealthy.
 Y - a +5 kite shield (worn)
Jewellery
 d - a ring of wizardry (left hand)
 f - an amulet of magic regeneration (around neck)
 l - a +6 ring of strength
 p - a ring of resist corrosion (right hand)
 r - the amulet "Ufalecuw" {rPois Regen+ Int+3 Dex+2}
   (You acquired it on level 1 of the Tomb of the Ancients)

   [amulet of regeneration]

   Int:       It affects your intelligence (+3).
   Dex:       It affects your dexterity (+2).
   rPois:     It protects you from poison.
   Regen:     It increases your rate of health regeneration.
 M - a ring of positive energy
 T - an amulet of reflection
Wands
 w - a wand of mindburst (28)
 C - a wand of digging (8)
 F - a wand of flame (48) (quivered)
 I - a wand of paralysis (36)
 K - a wand of quicksilver (10)
 N - a wand of iceblast (47)
 W - a wand of polymorph (69)
Scrolls
 e - 9 scrolls of poison
 i - a scroll of silence
 k - a scroll of amnesia
 o - 20 scrolls of teleportation
 x - 11 scrolls of fog
 B - 9 scrolls of vulnerability
 D - 3 scrolls of butterflies
 G - a scroll of blinking
 H - 2 scrolls of brand weapon
 J - a scroll of magic mapping
 S - 10 scrolls of fear
Potions
 b - a potion of magic
 h - 29 potions of curing
 j - 6 potions of heal wounds
 m - 2 potions of berserk rage
 v - 6 potions of brilliance
 z - 4 potions of invisibility
 E - 6 potions of might
 O - 6 potions of cancellation
 P - a potion of resistance
 R - 6 potions of flight
 U - 15 potions of ambrosia
Miscellaneous
 c - a box of beasts
 q - a phial of floods
 u - a tin of tremorstones (2/2)
 V - a condenser vane
 X - a lightning rod (4/4)


   Skills:
 - Level 25.0 Fighting
 - Level 1.0 Short Blades
 - Level 22.0 Polearms
 + Level 14.8 Armour
 - Level 15.0 Dodging
 - Level 12.0 Stealth
 - Level 14.6 Shields
 - Level 20.0 Spellcasting
 - Level 6.5 Hexes
 + Level 20.9 Summonings
 - Level 10.2 Translocations
 - Level 6.0 Transmutations
 - Level 4.0 Air Magic
 - Level 5.4 Earth Magic
 - Level 6.3 Invocations
 - Level 4.8 Evocations


You had 8 spell levels left.
You knew the following spells:

 Your Spells              Type           Power      Damage    Failure   Level
a - Summon Forest         Summ/Tloc      53%        N/A       1%          5
b - Silence               Hex/Air        36%        N/A       16%         5
c - Summon Cactus Giant   Summ           60%        N/A       1%          6
d - Summon Guardian Gole  Hex/Summ       100%       N/A       1%          3
e - Passage of Golubria   Tloc           91%        N/A       1%          4
f - Inner Flame           Hex/Fire       62%        N/A       4%          3
g - Animate Armour        Summ/Erth      100%       N/A       1%          4
h - Summon Hydra          Summ           60%        N/A       1%          7
s - Manifold Assault      Tloc           91%        N/A       1%          4
v - Summon Mana Viper     Hex/Summ       100%       N/A       1%          5
w - Passwall              Tmut/Erth      61%        N/A       1%          2
x - Summon Horrible Thin  Summ           60%        N/A       6%          8
z - Blink                 Tloc           100%       N/A       1%          2

Your spell library contained the following spells:

 Spells                   Type           Power      Damage    Failure   Level
 Summon Small Mammal      Summ           100%       N/A       0%          1
 Call Imp                 Summ           100%       N/A       0%          2
 Call Canine Familiar     Summ           100%       N/A       0%          3
 Slow                     Hex            100%       N/A       1%          1
 Ensorcelled Hibernation  Hex/Ice        100%       N/A       1%          2
 Lesser Beckoning         Tloc           100%       N/A       1%          2
 Momentum Strike          Conj/Tloc      100%       3d10      1%          2
 Confusing Touch          Hex            77%        N/A       1%          3
 Gell's Gravitas          Tloc           91%        N/A       1%          3
 Portal Projectile        Hex/Tloc       100%       N/A       1%          3
 Teleport Other           Tloc           91%        N/A       1%          3
 Tukima's Dance           Hex            77%        N/A       1%          3
 Summon Ice Beast         Ice/Summ       92%        N/A       1%          4
 Summon Lightning Spire   Summ/Air       98%        N/A       1%          4
 Shock                    Conj/Air       100%       1d9       2%          1
 Poisonous Vapours        Pois/Air       100%       N/A       3%          2
 Swiftness                Air            66%        N/A       3%          3
 Cause Fear               Hex            38%        N/A       3%          4
 Cigotuvi's Dreadful Rot  Necr/Pois/Air  100%       N/A       4%          2
 Dazzling Flash           Conj/Hex       100%       N/A       4%          3
 Leda's Liquefaction      Hex/Erth       37%        N/A       4%          4
 Petrify                  Tmut/Erth      74%        N/A       4%          4
 Foxfire                  Conj/Fire      100%       2x1d9     5%          1
 Freeze                   Ice            100%       1d10      5%          1
 Kiss of Death            Conj/Necr      100%       2d13      5%          1
 Magic Dart               Conj           100%       1d8       5%          1
 Necrotise                Necr           100%       1d9       5%          1
 Iskenderun's Mystic Bla  Conj/Tloc      71%        2d14      6%          4
 Ignite Poison            Fire/Tmut/Pois 56%        N/A       7%          3
 Scorch                   Fire           84%        2d9       8%          2
 Searing Ray              Conj           84%        2d7       8%          2
 Sublimation of Blood     Necr           42%        N/A       8%          2
 Mephitic Cloud           Conj/Pois/Air  52%        N/A       9%          3
 Airstrike                Air            33%        2d(5-21)  10%         4
 Yara's Violent Unravell  Hex/Tmut       38%        3d15      11%         5
 Dispersal                Tloc           45%        N/A       12%         6
 Fulminant Prism          Conj/Hex       31%        3d16      13%         4
 Frozen Ramparts          Ice            84%        1d13      16%         3
 Hailstorm                Conj/Ice       42%        3d10      16%         3
 Vampiric Draining        Necr           42%        2d9       16%         3
 Ice Form                 Ice/Tmut       61%        N/A       16%         4
 Lee's Rapid Deconstruct  Erth           36%        3d18*     16%         5
 Metabolic Englaciation   Hex/Ice        31%        N/A       34%         5
 Animate Dead             Necr           42%        N/A       43%         4
 Dispel Undead            Necr           42%        3d17      43%         4
 Flame Wave               Conj/Fire      42%        2d11      43%         4
 Olgreb's Toxic Radiance  Pois           42%        N/A       43%         4
 Sticky Flame             Conj/Fire      42%        2d6       43%         4
 Arcjolt                  Conj/Air       28%        1d38      50%         5
 Lightning Bolt           Conj/Air       28%        1d44      50%         5
 Haunt                    Necr/Summ      46%        N/A       50%         7
 Statue Form              Tmut/Erth      49%        N/A       56%         6
 Freezing Cloud           Conj/Ice/Air   26%        6-21      58%         5
 Agony                    Necr           42%        N/A       77%         5
 Eringya's Noxious Bog    Tmut/Pois      30%        N/A       89%         6
 Conjure Ball Lightning   Conj/Air       28%        3x3d8     96%         6
 Death Channel            Necr           21%        N/A       99%         6
 Simulacrum               Ice/Necr       21%        N/A       99%         6
 Starburst                Conj/Fire      21%        6d7       99%         6
 Storm Form               Tmut/Air       35%        N/A       99%         7
 Disjunction              Tloc           45%        N/A       99%         8
 Borgnjor's Revivificati  Necr           21%        N/A       100%        8
 Discord                  Hex            38%        N/A       100%        8
 Ignition                 Fire           21%        3d8       100%        8
 Infestation              Necr           21%        N/A       100%        8
 Necromutation            Tmut/Necr      30%        N/A       100%        8
 Chain Lightning          Conj/Air       28%        3d37      100%        9
 Death's Door             Necr           21%        N/A       100%        9
 Fire Storm               Conj/Fire      21%        8d5       100%        9
 Polar Vortex             Ice            21%        N/A       100%        9
 Shatter                  Erth           36%        3d29*     100%        9


Dungeon Overview and Level Annotations

Branches:
Dungeon (15/15)            Temple (0/1) D:5            Lair (5/5) D:9
  Swamp (4/4) Lair:2       Spider (4/4) Lair:3        Slime (5/5) Lair:4
    Orc (2/2) D:11            Elf (3/3) Orc:2        Vaults (5/5) D:14
  Crypt (3/3) Vaults:3       Tomb (1/3) Crypt:3      Depths (4/4) D:15
    Zot (5/5) Depths:4      IceCv (visited)          WizLab (visited)

Altars:
Ashenzari
Cheibriados
Gozag
Hepliaklqana
Kikubaaqudgha
Makhleb
Okawaru
Ru
Sif Muna
Vehumet
Wu Jian
Xom
Yredelemnul
The Shining One
Lugonu

Shops:
D:6 [   D:15 *   Orc:2 (:*[   Elf:1 ::=?   Elf:3 *(   Vaults:1 ?   Vaults:2 (
Vaults:5 [   Depths:2 ?*((   Depths:4 *

Portals:
Hell: Depths:1 Depths:2 Depths:3 Depths:4
Abyss: Lair:5 Swamp:4 Depths:3
Pandemonium: Depths:2
Ziggurat: Depths:4
Trove: D:15 (give horn of Geryon)

Annotations:
Slime:5 Royal Jelly


Innate Abilities, Weirdness & Mutations

((You are very nimble when in or above water. (Stealth+, EV+, Speed+++)))
Your lower body shifts to a powerful aquatic tail in water.
Your mind is acute. (Int +4, Str/Dex -1)
Armour fits poorly on your strangely shaped body.
Your magical capacity is low. (-10% MP)
You are occasionally teleported next to monsters.
You are weak. (Str -2)


Message History

The tentacled monstrosity tentacle-slaps your large abomination but does no damage.
The tentacled monstrosity tentacle-slaps your large abomination.
The tentacled monstrosity tentacle-slaps your large abomination!
The tentacled monstrosity grabs your large abomination.
The tentacled monstrosity constricts your large abomination.
The teleport trap disappears.
Your large abomination disappears!
Your large abomination hits the tentacled monstrosity but does no damage.
The tentacled monstrosity tentacle-slaps your large abomination!
The tentacled monstrosity completely misses your large abomination.
The tentacled monstrosity tentacle-slaps your large abomination!
The tentacled monstrosity constricts your large abomination!
Your large abomination hits the tentacled monstrosity!!
The tentacled monstrosity tentacle-slaps your large abomination but does no damage.
The tentacled monstrosity tentacle-slaps your large abomination!
The tentacled monstrosity tentacle-slaps your large abomination.
Your large abomination is destroyed!
Your large abomination disappears in a puff of smoke!
The tentacled monstrosity tentacle-slaps your tentacled monstrosity! x2
The tentacled monstrosity tentacle-slaps your tentacled monstrosity.
The tentacled monstrosity grabs your tentacled monstrosity.
The tentacled monstrosity constricts your tentacled monstrosity!
Your tentacled monstrosity tentacle-slaps the tentacled monstrosity! x2
Your tentacled monstrosity tentacle-slaps the tentacled monstrosity.
Your tentacled monstrosity grabs the tentacled monstrosity.
Your tentacled monstrosity constricts the tentacled monstrosity!
Your large abomination hits the tentacled monstrosity!!
Your large abomination hits the tentacled monstrosity!!
The tentacled monstrosity dies!
The tentacled monstrosity disappears in a puff of smoke!
Casting: Summon Horrible Things (dangerous; 6% risk of failure)
Confirm with . or Enter, or press ? or * to list all spells.
Aiming: Passwall (safe; 1% risk of failure)
Press: ? - help, Dir - move target A rock wall.
This square is covered in magical glow.
You begin to meditate on the wall.
You continue meditating on the rock. x2
You finish merging with the rock.
There is a staircase leading out of the dungeon here.
You have escaped!

..#...#...# #...#...#..
..'...'..(#### ####...'...'..
'##...#...##.#######.##...#...###
.###..#...'...'...'...XXC.#..###.
...####...#...#.>.#...#...####)..
......#########...#########......
##...........#######...........##
#####.....................#####
######.....@.....######
#############


There were no monsters in sight!

Vanquished Creatures
  Tiamat (Zot:4)
  2 dread liches (Zot:5)
  4 orbs of fire
  2 ancient liches (Zot:5)
  A royal mummy (Crypt:3)
  Parghit (Zot:1)
  A Killer Klown (Zot:5)
  3 curse toes
  A caustic shrike (Depths:3)
  8 golden dragons
  9 tentacled monstrosities
  2 liches
  Asterion (Spider:1)
  Mlioglotl (Spider:1)
  A shard shrike skeleton (Crypt:1)
  4 quicksilver dragons
  2 deep elf master archers (Elf:3)
  16 Orb Guardians (Zot:5)
  3 titans (Vaults:5)
  A walking divine tome (Depths:4)
  An eldritch tentacle (Vaults:3)
  6 acid blobs
  4 sphinxes
  7 ancient champions
  Frances (D:14)
  3 death cobs
  A thorn hunter (Depths:2)
  3 tengu reavers
  An azure jelly (Slime:3)
  3 storm dragons
  6 draconian monks
  3 revenants
  3 rockslimes
  A shadow dragon (Vaults:5)
  A fire giant (Depths:3)
  A fenstrider witch (Swamp:4)
  4 deep elf sorcerers
  An iron dragon (Depths:3)
  7 frost giants
  An emperor scorpion (Spider:4)
  3 draconian knights
  4 vault wardens
  Louise (Spider:2)
  2 draconian stormcallers (Zot:4)
  5 ghost moths
  6 ironbound preservers
  A deep elf elementalist (Elf:3)
  8 draconian annihilators
  2 curse skulls
  A spectral caustic shrike (WizLab)
  2 orc warlords (Orc:1)
  2 ironbound thunderhulks
  12 very ugly things
  2 broodmothers
  2 quicksilver oozes
  2 spriggan defenders
  2 draconian shifters (Zot:4)
  5 ghouls
  8 stone giants
  5 vampire knights
  A juggernaut skeleton (Tomb:1)
  7 green draconians
  2 deep elf demonologists
  A rockslime zombie (Crypt:3)
  3 eleionomae
  4 deep elf annihilators
  5 bennus (Tomb:1)
  10 black draconians
  3 bunyips
  10 purple draconians
  6 yellow draconians
  7 spark wasps
  4 white draconians
  7 red draconians
  4 eidola
  A halazid warlock (WizLab)
  2 dire elephants
  A spectral quicksilver dragon (WizLab)
  5 mummy priests (Crypt:3)
  3 deep elf death magi
  2 entropy weavers
  7 ettins
  A quicksilver dragon zombie (WizLab)
  6 jiangshi
  11 yaktaur captains
  3 fire dragons
  4 great orbs of eyes
  A deep elf high priest (Vaults:5)
  2 rakshasas (Depths:3)
  A shambling mangrove (Depths:2)
  24 vault guards
  14 hydras
  An ogre mage (Vaults:5)
  6 centaur warriors
  A spriggan air mage (Depths:3)
  A ghost crab (Swamp:2)
  A peacekeeper (Vaults:4)
  2 ice dragons
  10 ironbound frosthearts
  3 alligators
  A radroach (Spider:1)
  21 dancing weapons
  3 death yaks (Lair:5)
  2 boulder beetles
  3 two-headed ogres
  4 thrashing horrors
  A tengu warrior (Depths:3)
  8 vampire magi
  An orc high priest (D:10)
  2 deep troll shamans
  A titan zombie (D:15)
  2 hell hogs
  2 death scarabs (Tomb:1)
  2 spriggan berserkers
  4 deep troll earth magi
  2 hell knights
  2 soul eaters (Crypt:3)
  14 deep elf knights
  5 iron trolls
  2 sun demons
  A salamander mystic (Depths:4)
  3 skeletal warriors
  6 shadow wraiths
  A spriggan (Depths:3)
  2 wretched stars (Abyss:2)
  16 nameless horrors
  2 death drakes
  2 pharaoh ants
  A storm dragon skeleton (Crypt:1)
  A spark wasp zombie (WizLab)
  A spriggan druid (Depths:2)
  4 glowing orange brains
  3 orb spiders
  A skyshark (shapeshifter) (Vaults:5)
  2 flayed ghosts
  23 deep trolls
  A sixfirhy (Abyss:2)
  4 swamp dragons (Swamp:4)
  An orange crystal statue (Vaults:1)
  2 goliath frogs
  An anaconda zombie (Crypt:2)
  4 wizards
  10 phantasmal warriors
  6 deep elf archers
  12 deep elf zephyrmancers
  4 lindwurms
  11 wolf spiders
  4 orc knights
  A steelbarb worm (Spider:4)
  4 ironbound convokers
  5 necromancers
  3 shining eyes
  2 will-o-the-wisps
  3 elephants
  3 orc sorcerers
  9 deep elf pyromancers
  An iron dragon skeleton (Crypt:2)
  A sphinx skeleton (Depths:1)
  3 cyclopes
  2 salamanders (Depths:4)
  A frost giant zombie (D:15)
  A salamander (shapeshifter) (Abyss:2)
  12 ugly things
  A worldbinder (Abyss:2)
  A manticore (D:15)
  A wolf spider (shapeshifter) (Lair:5)
  6 vault sentinels
  A black mamba (Lair:5)
  31 moths of wrath
  2 eyes of devastation
  A frost giant skeleton (D:15)
  3 cane toads
  3 demonic crawlers
  An unseen horror (D:10)
  A titan simulacrum (Crypt:2)
  A torpor snail (Lair:5)
  A pale draconian zombie (Crypt:2)
  A death yak zombie (Crypt:3)
  5 rime drakes (IceCv)
  A smoke demon (Lair:5)
  A freezing wraith (Crypt:1)
  16 yaktaurs
  4 komodo dragons
  A kobold demonologist (Elf:1)
  16 guardian mummies
  An ancient zyme (Lair:5)
  A spectral harpy (WizLab)
  17 tarantellas
  A spriggan skeleton (Depths:1)
  2 meliai
  7 trolls
  3 hornets
  7 polar bears
  3 tyrant leeches
  An ettin zombie (Crypt:1)
  A dream sheep (shapeshifter) (Vaults:5)
  7 blink frogs (Lair:5)
  3 small abominations
  41 slime creatures
  13 flying skulls
  9 jumping spiders
  A spectral black mamba (Lair:2)
  2 wyverns
  A vampire (D:13)
  9 culicivoras
  A shadow (D:12)
  2 ynoxinuls (Lair:5)
  28 yaks
  2 wraiths
  2 water elementals
  4 ushabtiu (Crypt:3)
  2 basilisks
  A golden eye (Slime:3)
  4 fire elementals
  A steam dragon (D:6)
  31 redbacks
  2 neqoxecs (Abyss:2)
  3 vampire mosquitoes (D:12)
  A chaos spawn (Abyss:2)
  2 swamp worms
  2 swamp worms (shapeshifter)
  A water moccasin (shapeshifter) (Vaults:5)
  2 wargs
  An acid dragon (D:10)
  A floating eye (Depths:3)
  4 water moccasins
  12 orc warriors
  2 swamp drakes
  2 ice beasts
  A black bear (D:6)
  4 ogres
  4 boggarts
  5 large abominations
  17 wolves
  2 centaurs
  2 phantoms
  A kobold brigand (D:9)
  An elf simulacrum (Vaults:2)
  6 bullfrogs
  A gnoll sergeant (D:12)
  A spectral wyvern (Lair:2)
  An earth elemental (Elf:1)
  A komodo dragon skeleton (Crypt:2)
  A necrophage (D:6)
  3 wights
  A queen bee zombie (Crypt:1)
  13 killer bees
  A howler monkey (D:9)
  2 lava snakes (D:15)
  A crimson imp (D:9)
  A wolf zombie (Crypt:1)
  2 jellies (Lair:4)
  A hound (D:6)
  6 orc priests
  An iguana (D:5)
  9 orc wizards
  A yak simulacrum (D:12)
  2 wolf simulacra (D:12)
  7 mummies
  3 gnolls
  4 adders
  A white imp (D:6)
  2 ufetubi
  A worm (D:4)
  2 dart slugs
  25 orcs
  3 bats
  2 bat zombies (D:6)
  5 endoplasms
  A giant cockroach (D:3)
  4 goblins
  4 hobgoblins
  2 jackals
  6 kobolds
  3 quokkas
  3 ball pythons
  A dart slug zombie (Crypt:2)
  4 frilled lizards
  2 giant cockroach zombies
  A quokka zombie (Crypt:2)
  3 rats
1169 creatures vanquished.

Vanquished Creatures (collateral kills)
  2 dread liches
  Mara (Depths:1)
  An ancient lich (Zot:5)
  Bai Suzhen (Vaults:3)
  2 Killer Klowns (Zot:5)
  2 golden dragons
  the Enchantress (Depths:2)
  Arachne (Spider:2)
  2 electric golems (Zot:5)
  11 tentacled monstrosities
  Zenata (Elf:2)
  A lich (D:1)
  3 quicksilver dragons
  2 titans (Vaults:5)
  11 Orb Guardians
  A deep elf blademaster (Elf:3)
  The ghost of Xof Pepn the Bludgeoner, an adept MiBe of Trog (Spider:4)
  9 sphinxes
  4 acid blobs
  4 ancient champions
  A tentacled starspawn (Abyss:2)
  2 shadow dragons
  Roxanne (D:14)
  A death cob (Zot:1)
  An azure jelly (shapeshifter) (Depths:2)
  5 azure jellies
  4 draconian monks
  A tengu reaver (Depths:2)
  3 revenants
  4 storm dragons
  4 frost giants
  A rockslime (Slime:3)
  9 fire giants
  8 deep elf sorcerers
  A draconian knight (Zot:3)
  2 iron dragons
  7 draconian scorchers
  9 vault wardens
  A deep elf elementalist (Elf:3)
  Aizul (Spider:1)
  A juggernaut zombie (Tomb:1)
  43 slime creatures
  An orc warlord (Vaults:2)
  2 cacodemons (Swamp:4)
  8 very ugly things
  A broodmother (Spider:1)
  A draconian stormcaller (Zot:3)
  5 ghost moths
  A reaper (Depths:2)
  15 ironbound preservers
  3 quicksilver oozes
  3 war gargoyles
  5 ironbound thunderhulks
  3 spriggan defenders (Depths:2)
  3 ghouls
  14 stone giants
  3 draconian annihilators
  6 green draconians
  The ghost of SushiGirl the Devastator, a journeyman DECj of Vehumet (Elf:3)
  5 eleionomae
  2 halazid warlocks (WizLab)
  3 vampire knights
  A deep elf demonologist (Elf:3)
  4 dire elephants
  A bennu (Tomb:1)
  The ghost of arthad the Summoner, a journeyman FeSu of Gozag (Swamp:4)
  A lorocyproca (Depths:3)
  Azrael (Elf:2)
  2 bunyips
  8 black draconians
  13 purple draconians
  A starcursed mass (Abyss:2)
  8 yellow draconians
  5 deep elf annihilators (Elf:3)
  5 red draconians
  2 spark wasps
  8 white draconians
  4 deep elf death magi
  5 ettins
  3 eidola
  7 fire dragons
  A green death (Zot:5)
  2 jiangshi
  4 yaktaur captains
  5 deep elf high priests
  A mummy priest (Crypt:3)
  2 shambling mangroves
  Josephine (Lair:3)
  An entropy weaver (shapeshifter) (Vaults:5)
  3 entropy weavers
  2 great orbs of eyes
  7 ice dragons
  8 vault guards
  An ogre mage (D:15)
  A spriggan air mage (Depths:1)
  A hell beast (Depths:1)
  Erolcha (D:9)
  8 hydras
  9 rakshasas
  A peacekeeper (Vaults:3)
  2 ghost crabs
  7 boulder beetles
  A jorogumo (Spider:3)
  A catoblepas (shapeshifter) (Depths:3)
  3 death knights
  6 ironbound frosthearts
  2 centaur warriors (Vaults:3)
  4 death scarabs (Tomb:1)
  2 two-headed ogres (D:15)
  6 deep troll earth magi
  13 dancing weapons
  7 alligators
  7 deep troll shamans
  A hell hog (Abyss:2)
  4 tengu warriors
  A vampire mage (Crypt:1)
  3 thrashing horrors
  An orc high priest (Orc:2)
  Urug (Orc:1)
  3 spriggan berserkers
  6 sun demons
  3 iron trolls
  10 deep elf knights
  A shadow wraith (WizLab)
  A spark wasp zombie (WizLab)
  A fire crab (D:10)
  8 skeletal warriors
  A storm dragon skeleton (Crypt:1)
  A deep troll (shapeshifter) (Elf:2)
  2 sixfirhies
  4 goliath frogs
  A death drake (shapeshifter) (Vaults:5)
  A pharaoh ant (Spider:2)
  3 orb spiders
  8 swamp dragons
  43 deep trolls
  A death drake (Depths:4)
  6 flayed ghosts
  7 bog bodies
  4 spriggan druids
  8 phantasmal warriors
  2 glowing orange brains
  13 ironbound convokers
  5 lindwurms
  5 wizards
  4 orc knights
  A tengu zombie (Vaults:2)
  12 deep elf archers
  14 deep elf zephyrmancers
  7 necromancers
  6 wolf spiders
  A wolf spider zombie (WizLab)
  2 steelbarb worms
  A tengu skeleton (D:15)
  23 deep elf pyromancers
  3 shining eyes
  A stone giant zombie (Crypt:1)
  24 ugly things
  A sphinx skeleton (Crypt:3)
  2 worldbinders (Swamp:4)
  2 orc sorcerers
  2 manticores
  3 will-o-the-wisps
  A cyclops (D:12)
  A fire giant zombie (Crypt:2)
  A salamander (Depths:4)
  Maurice (D:10)
  4 elephants
  3 black mambas
  12 vault sentinels
  An orange demon (Abyss:2)
  4 demonic crawlers
  A moth of wrath (Spider:2)
  A black mamba (shapeshifter) (Vaults:5)
  An apocalypse crab (Abyss:2)
  3 smoke demons
  Maggie (D:9)
  A cane toad (shapeshifter) (Depths:3)
  4 gargoyles
  2 torpor snails
  4 eyes of devastation
  5 freezing wraiths
  2 cane toads (Lair:2)
  10 yaktaurs
  2 dire elephant skeletons
  2 kobold demonologists (D:10)
  2 unseen horrors
  A hellion (D:15)
  2 komodo dragons
  5 rime drakes (IceCv)
  A tengu conjurer (D:13)
  A tormentor (Zot:5)
  2 efreet
  A minotaur zombie (Crypt:2)
  A human skeleton (Vaults:2)
  6 trolls
  2 ancient zymes
  20 guardian mummies
  A yaktaur skeleton (Vaults:2)
  A harpy zombie (WizLab)
  11 meliai
  2 hellwings (Depths:2)
  A queen bee (Spider:2)
  2 red devils (Depths:2)
  2 polar bears
  A death yak skeleton (Crypt:1)
  14 tarantellas
  13 hornets
  An ettin zombie (Depths:1)
  3 nameless horrors
  10 tyrant leeches
  7 blink frogs
  A raiju (Abyss:2)
  An ice dragon zombie (Crypt:2)
  2 large abominations
  A spectral black mamba (Lair:2)
  12 jumping spiders
  13 flying skulls
  2 air elementals (Elf:2)
  8 culicivoras
  7 small abominations (Lair:5)
  A shadow (D:9)
  A spriggan skeleton (Depths:1)
  4 wraiths
  9 spriggans
  5 water elementals
  3 wyverns
  A vampire (D:13)
  2 ynoxinuls
  4 ushabtiu (Crypt:3)
  5 basilisks
  A steam dragon (D:9)
  2 fire elementals
  5 golden eyes
  20 yaks
  A vampire mosquito (D:12)
  A black mamba skeleton (Crypt:3)
  15 redbacks
  2 chaos spawn
  A spectral cane toad (Lair:2)
  A human zombie (Depths:1)
  10 swamp worms
  4 wargs
  A glowing shapeshifter zombie (Vaults:2)
  2 acid dragons (D:11)
  A two-headed ogre skeleton (Crypt:3)
  6 hell hounds
  21 orc warriors
  8 water moccasins
  A hornet zombie (Crypt:2)
  9 swamp drakes
  2 black bears
  An elf simulacrum (Vaults:2)
  6 ogres
  9 wolves
  13 boggarts
  3 kobold brigands
  A gnoll sergeant (D:9)
  A spectral water moccasin (Lair:2)
  2 scorpions
  2 necrophages
  An ogre simulacrum (Vaults:2)
  An earth elemental (Elf:2)
  4 wights
  21 killer bees
  2 electric eels
  4 howler monkeys
  A bullfrog skeleton (Crypt:1)
  A hound (D:4)
  2 jellies (Lair:4)
  13 orc priests
  A hell rat (Lair:1)
  18 orc wizards
  3 yak simulacra (D:12)
  3 polar bear simulacra (D:12)
  2 wolf simulacra (D:12)
  An acid dragon zombie (Crypt:3)
  A naga zombie (Crypt:1)
  10 mummies
  12 gnolls
  A steam dragon zombie (Crypt:1)
  6 adders
  A white imp (D:9)
  An iguana zombie (Crypt:3)
  A lava snake skeleton (Crypt:3)
  2 worms
  A dart slug (D:3)
  49 orcs
  A bat zombie (D:6)
  3 endoplasms
  A giant cockroach (D:1)
  A goblin (D:1)
  2 hobgoblins
  4 jackals
  2 quokkas (D:1)
  2 ball pythons
  14 kobolds
  2 rats (D:1)
  A bush (Lair:4)
  3 butterflies (Lair:4)
  A lurking horror (Abyss:2)
  A starspawn tentacle (Abyss:2)
1339 creatures vanquished.

Vanquished Creatures (others)
  Saint Roka (Orc:2)
  A tentacled monstrosity (Depths:3)
  2 draconian knights
  A vault warden (Vaults:5)
  An orc warlord (D:12)
  An ironbound preserver (Vaults:3)
  A draconian shifter (Zot:2)
  2 stone giants
  A spark wasp (Depths:3)
  2 red draconians
  3 hydras
  A vault guard (Vaults:5)
  2 ice dragons
  A two-headed ogre (shapeshifter) (Lair:5)
  A deep troll shaman (Depths:3)
  A tengu warrior (D:13)
  A two-headed ogre (D:9)
  5 death yaks
  2 deep elf knights (Elf:3)
  An anaconda zombie (Crypt:1)
  A deep troll (D:15)
  3 deep elf archers
  An ironbound convoker (Vaults:4)
  An orc knight (Orc:2)
  2 deep elf pyromancers (Elf:3)
  4 ugly things
  A manticore (D:12)
  2 elephants (Lair:4)
  A torpor snail (Lair:4)
  An unseen horror (D:12)
  6 bloated husks
  A troll (D:12)
  A hornet (D:8)
  7 blink frogs (Lair:5)
  A jumping spider (Spider:1)
  8 yaks
  A vampire (D:9)
  A wraith (Lair:3)
  A warg (Orc:2)
  A floating eye (Depths:3)
  14 wolves (Lair:1)
  A gnoll sergeant (D:8)
  A necrophage (Crypt:1)
  An orc wizard (Orc:2)
  3 orcs
  3 bushes (Lair:4)
  22 foxfires
  54 fungi
  118 plants
  95 snaplasher vines
  2 starspawn tentacles (Abyss:2)
  12 withered plants (D:15)
402 creatures vanquished.

Grand Total: 2910 creatures vanquished

Notes
Turn   | Place    | Note
-------+----------+-------------------------------------------
     0 | D:1      | mccafe the Merfolk Summoner began the quest for the Orb.
     0 | D:1      | Reached XP level 1. HP: 13/13 MP: 3/3
   223 | D:1      | Reached XP level 2. HP: 20/20 MP: 3/5
   226 | D:1      | Learned a level 2 spell: Call Imp
   358 | D:1      | Reached skill level 1 in Fighting
  1140 | D:2      | Reached XP level 3. HP: 24/26 MP: 4/6
  1144 | D:2      | Learned a level 3 spell: Call Canine Familiar
  1182 | D:2      | Identified the +6 short sword of Fee Simple {holy, rPois
                  | MP+9 SInv}
  1509 | D:2      | Reached XP level 4. HP: 17/33 MP: 8/8
  1610 | D:2      | Reached skill level 2 in Fighting
  2196 | D:3      | Reached skill level 1 in Short Blades
  2683 | D:3      | Reached XP level 5. HP: 39/39 MP: 9/9
  3114 | D:4      | Found a sacrificial altar of Ru.
  3258 | D:4      | Identified the +5 scale mail of Aneenid {Dex+6}
  3426 | D:4      | Reached skill level 3 in Fighting
  3426 | D:4      | Reached skill level 5 in Summonings
  3545 | D:4      | Found a snail-covered altar of Cheibriados.
  3570 | D:4      | Became a worshipper of Cheibriados the Contemplative
  3624 | D:4      | Found an ornate altar of the Wu Jian Council.
  3782 | D:5      | Entered Level 5 of the Dungeon
  3782 | D:5      | Found a staircase to the Ecumenical Temple.
  3789 | D:5      | Noticed a phantom
  3807 | D:5      | Killed a phantom
  3808 | D:5      | Reached XP level 6. HP: 36/47 MP: 11/11
  4024 | D:5      | Identified the +2 leather armour of Thoughtfulness {Harm
                  | +Blink Stlth+}
  4067 | D:5      | Found a shimmering blue altar of Sif Muna.
  4070 | D:5      | Reached skill level 1 in Armour
  4253 | D:5      | Found a glowing golden altar of the Shining One.
  4644 | D:6      | Reached skill level 4 in Fighting
  4644 | D:6      | Reached XP level 7. HP: 47/54 MP: 12/12
  4704 | D:6      | Found Tilig's Antique Armour Boutique.
  4712 | D:6      | Bought a pair of gloves for 117 gold pieces
  4873 | D:6      | HP: 2/54 [electric eel/bolt of electricity (14)]
  4938 | D:6      | Noticed a cyclops
  5220 | D:6      | HP: 1/54 [orc warrior/bolt (10)]
  5404 | D:5      | Identified a scroll of acquirement
  5404 | D:5      | Acquired the +2 pair of boots "Towisatuh" {rN+ Int+5}
  5490 | D:6      | Learned a level 3 spell: Summon Guardian Golem
  5495 | D:6      | Learned a level 4 spell: Summon Lightning Spire
  5877 | D:6      | Reached * piety under Cheibriados
  5900 | D:6      | Found a shimmering altar of Xom.
  6109 | D:6      | Killed a cyclops
  6110 | D:6      | Reached skill level 5 in Fighting
  6110 | D:6      | Reached XP level 8. HP: 24/62 MP: 15/15
  6247 | D:6      | Found an ancient bone altar of Kikubaaqudgha.
  6473 | D:7      | Reached skill level 5 in Spellcasting
  6603 | D:6      | Reached skill level 5 in Dodging
  6719 | D:7      | Reached XP level 9. HP: 69/69 MP: 16/16
  6831 | D:7      | Found an opulent altar of Gozag.
  6847 | D:7      | Reached skill level 6 in Fighting
  6997 | D:7      | Gained mutation: You occasionally lose the ability to read
                  | scrolls when taking damage. [potion of mutation]
  6998 | D:7      | Lost mutation: You occasionally lose the ability to read
                  | scrolls when taking damage. [potion of mutation]
  6998 | D:7      | Gained mutation: You are partially covered in large bone
                  | plates. (SH +4) [potion of mutation]
  6998 | D:7      | Gained mutation: You occasionally lose the ability to read
                  | scrolls when taking damage. [potion of mutation]
  6998 | D:7      | Gained mutation: Your mind is acute. (Int +4, Str/Dex -1)
                  | [potion of mutation]
  7070 | D:7      | Reached ** piety under Cheibriados
  7102 | D:7      | Noticed a hornet
  7111 | D:7      | Killed a hornet
  7550 | D:8      | Noticed a hornet
  7554 | D:8      | Killed a hornet
  7555 | D:8      | Reached skill level 7 in Fighting
  7709 | D:8      | Reached XP level 10. HP: 79/79 MP: 19/19
  8047 | D:8      | Reached *** piety under Cheibriados
  8107 | D:8      | Found a hazy altar of Hepliaklqana.
  8404 | D:9      | Reached skill level 1 in Shields
  8425 | D:9      | Noticed Erolcha
  8438 | D:9      | Killed Erolcha
  8441 | D:9      | Noticed a two-headed ogre
  8450 | D:9      | Killed a two-headed ogre
  8451 | D:9      | Reached skill level 8 in Fighting
  8563 | D:9      | Reached skill level 5 in Armour
  8576 | D:9      | Noticed a two-headed ogre
  8587 | D:9      | Killed a two-headed ogre
  8754 | D:9      | Reached **** piety under Cheibriados
  8788 | D:9      | Reached skill level 1 in Polearms
  8788 | D:9      | Reached XP level 11. HP: 62/87 MP: 14/20
  8792 | D:9      | Found a staircase to the Lair.
  9009 | D:9      | Noticed Maggie
  9021 | D:9      | Killed Maggie
  9022 | D:9      | Reached skill level 9 in Fighting
  9298 | Lair:1   | Entered Level 1 of the Lair of Beasts
  9730 | Lair:1   | Reached skill level 5 in Shields
  9735 | Lair:1   | Reached ***** piety under Cheibriados
  9753 | Lair:1   | Reached skill level 5 in Polearms
 10304 | Lair:2   | Reached skill level 10 in Fighting
 10628 | Lair:2   | Learned a level 3 spell: Inner Flame
 10731 | Lair:2   | Learned a level 2 spell: Blink
 10964 | Lair:2   | Reached XP level 12. HP: 99/99 MP: 19/21
 11073 | Lair:2   | Found a staircase to the Swamp.
 11073 | Lair:2   | Noticed a ghost crab
 11094 | Lair:2   | Killed a ghost crab
 11613 | Lair:3   | Reached skill level 1 in Invocations
 11615 | Lair:3   | Reached skill level 11 in Fighting
 11714 | Lair:3   | Noticed a boulder beetle
 11735 | Lair:3   | Killed a boulder beetle
 11854 | Lair:3   | Noticed a seven-headed hydra
 11869 | Lair:3   | Killed a seven-headed hydra
 11869 | Lair:3   | Reached ****** piety under Cheibriados
 11870 | Lair:3   | Reached skill level 1 in Hexes
 11923 | Lair:3   | Noticed a seven-headed hydra
 11930 | Lair:3   | Killed a seven-headed hydra
 12080 | Lair:3   | Noticed Josephine
 12087 | Lair:3   | Killed Josephine
 12395 | Lair:3   | Found a hole to the Spider Nest.
 13002 | Lair:4   | Reached XP level 13. HP: 107/107 MP: 7/22
 13109 | Lair:4   | Reached skill level 10 in Polearms
 13152 | Lair:4   | Reached skill level 12 in Fighting
 13152 | Lair:4   | Reached skill level 5 in Invocations
 13408 | Lair:4   | Learned a level 5 spell: Summon Forest
 13594 | Lair:4   | Found a staircase to the Slime Pits.
 14629 | Lair:5   | Entered Level 5 of the Lair of Beasts
 14665 | Lair:5   | Reached skill level 1 in Translocations
 15136 | Lair:5   | Reached XP level 14. HP: 99/116 MP: 2/25
 15143 | Lair:5   | Reached skill level 13 in Fighting
 16228 | Lair:5   | Upgraded the game from 0.30-a0-738-g116ff8c4af to
                  | 0.30-a0-743-gbfdf073431
 17059 | Lair:5   | Found a one-way gate to the infinite horrors of the Abyss.
 17060 | Lair:5   | Found a corrupted altar of Lugonu.
 17105 | Lair:5   | Learned a level 7 spell: Summon Hydra
 17409 | D:10     | Entered Level 10 of the Dungeon
 17410 | D:10     | Found a transporter.
 17416 | D:10     | Found a transporter.
 17746 | D:10     | Noticed Maurice
 17756 | D:10     | Killed Maurice
 17926 | D:10     | Identified the +3 leather armour of the Bulwark {rElec
                  | Str+3 Int-4 Dex+7}
 18161 | D:10     | Found a runed translucent door.
 18356 | D:10     | Noticed a stone giant
 18367 | D:10     | Killed a stone giant
 18368 | D:10     | Reached skill level 10 in Summonings
 18893 | D:11     | Found a staircase to the Orcish Mines.
 19360 | D:11     | Reached skill level 5 in Translocations
 19913 | D:12     | Reached XP level 15. HP: 125/125 MP: 24/27
 20152 | D:12     | Reached skill level 14 in Fighting
 20223 | D:12     | Noticed an orc warlord
 20252 | D:12     | Killed an orc warlord
 22312 | D:14     | Noticed Roxanne
 22350 | D:14     | Killed Roxanne
 22576 | D:14     | Found a gate to the Vaults.
 22846 | D:14     | Noticed Frances
 22853 | D:14     | Killed Frances
 23158 | D:15     | Entered Level 15 of the Dungeon
 23173 | D:15     | Reached skill level 10 in Spellcasting
 23214 | D:15     | Found Hydgh's Humungous Hoard.
 23221 | D:15     | Bought a potion of heal wounds for 100 gold pieces
 23234 | D:15     | Found a portal to a secret trove of treasure.
 23276 | D:15     | Reached skill level 10 in Shields
 23341 | D:15     | Reached skill level 15 in Fighting
 23501 | D:15     | Reached XP level 16. HP: 112/136 MP: 8/30
 23615 | Orc:1    | Entered Level 1 of the Orcish Mines
 23663 | Orc:1    | Found a burning altar of Makhleb.
 23701 | Orc:2    | Entered Level 2 of the Orcish Mines
 23793 | Orc:2    | Noticed Saint Roka
 23813 | Orc:2    | Killed Saint Roka
 23954 | Orc:2    | Found Rotazok's Antique Weapon Emporium.
 23970 | Orc:2    | Found Kude Wyn's General Store.
 23974 | Orc:2    | Found Enuzay's Antique Armour Emporium.
 24143 | Orc:2    | Bought a potion of heal wounds for 65 gold pieces
 24454 | Orc:2    | Found a staircase to the Elven Halls.
 24586 | Orc:2    | Found Izae's Book Emporium.
 24768 | Orc:1    | Noticed Urug
 24839 | Orc:1    | Killed Urug
 25551 | Swamp:1  | Entered Level 1 of the Swamp
 27504 | Swamp:3  | Reached skill level 16 in Fighting
 27898 | Swamp:3  | Identified the +5 quarterstaff "Mesmasant" {flame, MP+9}
 28156 | Swamp:3  | Reached XP level 17. HP: 144/144 MP: 17/32
 28338 | Swamp:3  | Found a glowing golden altar of the Shining One.
 28492 | Swamp:4  | Entered Level 4 of the Swamp
 29174 | Swamp:4  | Learned a level 4 spell: Leda's Liquefaction
 29183 | Swamp:4  | Got a decaying rune of Zot
 29609 | Swamp:4  | Noticed arthad's ghost (journeyman FeSu)
 29687 | Swamp:4  | Noticed a tentacled monstrosity
 29798 | Swamp:4  | Reached skill level 17 in Fighting
 29798 | Swamp:4  | Reached XP level 18. HP: 154/154 MP: 34/34
 29801 | Swamp:4  | Found a transporter.
 29803 | Swamp:4  | Found a transporter.
 30167 | Spider:1 | Entered Level 1 of the Spider Nest
 30167 | Spider:1 | Noticed Aizul
 30180 | Spider:1 | Killed Aizul
 30219 | Spider:1 | Noticed Asterion
 30575 | D:15     | Reached XP level 19. HP: 161/161 MP: 32/35
 30885 | D:15     | Found a staircase to the Depths.
 32326 | Elf:1    | Entered Level 1 of the Elven Halls
 32365 | Elf:1    | Found Tapsei Buleu's Magic Scroll Boutique.
 32372 | Elf:1    | Bought a scroll of teleportation for 36 gold pieces
 32372 | Elf:1    | Bought a scroll of fog for 48 gold pieces
 32438 | Elf:1    | Got the Directory of Graupel
 33474 | Elf:1    | Found Fuecki's Jewellery Shop.
 33474 | Elf:1    | Found Ucrifol's Book Shoppe.
 33484 | Elf:1    | Found Irhite Lesad's Book Shoppe.
 33602 | Elf:2    | Reached XP level 20. HP: 170/170 MP: 22/37
 33739 | Elf:2    | Noticed Azrael
 33749 | Elf:2    | Killed Azrael
 34069 | Elf:2    | Acquired 960 gold pieces
 34277 | Elf:2    | Paralysed by an air elemental for 1 turns
 34280 | Elf:2    | Paralysed by an air elemental for 1 turns
 34281 | Elf:2    | Found a runed translucent gate.
 34281 | Elf:2    | Found a runed translucent gate.
 34313 | Elf:2    | Reached skill level 18 in Fighting
 34409 | Elf:2    | Found a runed translucent gate.
 34519 | Elf:2    | Identified the +0 leather armour "Bomos" {rN+}
 34806 | Elf:3    | Entered Level 3 of the Elven Halls
 35025 | Elf:3    | Found a shimmering blue altar of Sif Muna.
 35291 | Elf:3    | Found Faommos's Antique Weapon Emporium.
 35355 | Elf:3    | Reached skill level 15 in Summonings
 35492 | Elf:3    | Bought a smoking mace for 216 gold pieces
 35492 | Elf:3    | Identified the +3 mace "Wialacem" {elec, rC+ Dex+3} (You
                  | bought it in a shop on level 3 of the Elven Halls)
 36070 | Depths:1 | Entered Level 1 of the Depths
 37417 | Depths:1 | Upgraded the game from 0.30-a0-743-gbfdf073431 to
                  | 0.30-a0-748-ge6a52f7cba
 37935 | Depths:1 | Found a basalt altar of Yredelemnul.
 38161 | Depths:1 | Found a gateway to Hell.
 38175 | Depths:1 | Noticed Mara
 38198 | Depths:1 | Killed Mara
 38493 | Depths:1 | Found a broken altar of Ashenzari.
 39157 | Depths:2 | Reached XP level 21. HP: 179/179 MP: 27/39
 39422 | Depths:2 | Learned a level 4 spell: Manifold Assault
 39552 | Depths:2 | Reached skill level 19 in Fighting
 39693 | Depths:2 | Found Nunaczys's Weapon Emporium.
 39696 | Depths:2 | Found Ysagio's Weapon Emporium.
 39696 | Depths:2 | Found Geawun's Magic Scroll Shoppe.
 39699 | Depths:2 | Found Xyilipag's General Store.
 39709 | Depths:2 | Bought a scroll of fear for 80 gold pieces
 39709 | Depths:2 | Bought a scroll of teleportation for 60 gold pieces
 39709 | Depths:2 | Bought a potion of curing for 60 gold pieces
 39712 | Depths:2 | Bought a scroll of fear for 76 gold pieces
 39712 | Depths:2 | Bought a scroll of enchant weapon for 142 gold pieces
 39712 | Depths:2 | Bought a scroll of butterflies for 76 gold pieces
 39712 | Depths:2 | Bought a scroll of enchant armour for 142 gold pieces
 39712 | Depths:2 | Bought a scroll of fear for 76 gold pieces
 39778 | Depths:2 | Identified the +4 spear of the Pure Visionaries {venom,
                  | *Noise rCorr Str+3}
 39787 | Depths:2 | Found a one-way gate leading to the halls of Pandemonium.
 40471 | Depths:2 | Found a radiant altar of Vehumet.
 40474 | Depths:2 | Noticed the Enchantress
 40482 | Depths:2 | Killed the Enchantress
 40502 | Depths:2 | Identified the +0 chain mail of Kymor {rN+++ Dex-2 Slay-5
                  | Stlth+}
 40938 | Vaults:1 | Entered Level 1 of the Vaults
 41296 | Vaults:1 | Found Iroushralon's Magic Scroll Shop.
 41304 | Vaults:1 | Bought a scroll of enchant armour for 97 gold pieces
 41304 | Vaults:1 | Bought a scroll of teleportation for 39 gold pieces
 42054 | Vaults:1 | Identified the +1 shortbow "Nappehai" {flame, Fly}
 42098 | Vaults:1 | Reached skill level 15 in Spellcasting
 42587 | Vaults:1 | Bought a scroll of butterflies for 52 gold pieces
 42625 | Vaults:1 | Learned a level 5 spell: Summon Mana Viper
 42635 | Vaults:1 | Learned a level 6 spell: Summon Cactus Giant
 43839 | Vaults:2 | Reached skill level 10 in Armour
 44357 | Vaults:2 | Reached skill level 20 in Fighting
 44549 | Vaults:2 | Reached XP level 22. HP: 185/190 MP: 28/41
 44812 | Vaults:2 | Found Aledwath's Antique Weapon Boutique.
 44820 | Vaults:2 | Bought a slimy morningstar for 234 gold pieces
 44820 | Vaults:2 | Identified the +9 morningstar of the Grave {drain, +Blink
                  | Fly rC-} (You bought it in a shop on level 2 of the Vaults)
 45468 | Spider:1 | Killed Asterion
 45815 | Spider:1 | Noticed Mlioglotl
 45841 | Spider:1 | Killed Mlioglotl
 46206 | Spider:1 | You fall into a shaft and drop 1 floor!
 46206 | Spider:2 | Noticed Louise
 46214 | Spider:2 | Reached skill level 1 in Evocations
 46217 | Spider:2 | Killed Louise
 46840 | Spider:2 | Noticed Arachne
 46868 | Spider:2 | Killed Arachne
 47775 | Spider:3 | Found a frozen archway.
 47783 | IceCv    | Entered an ice cave
 48317 | IceCv    | Reached skill level 10 in Dodging
 49575 | Spider:4 | Entered Level 4 of the Spider Nest
 49990 | Spider:4 | Learned a level 2 spell: Passwall
 50224 | Spider:4 | Found a runed translucent door.
 50225 | Spider:4 | Noticed Xof Pepn's ghost (adept MiBe)
 50248 | Spider:4 | Killed Xof Pepn's ghost
 50499 | Spider:4 | Reached skill level 21 in Fighting
 50533 | Spider:4 | Reached XP level 23. HP: 77/200 MP: 0/42
 50952 | Spider:4 | Got a gossamer rune of Zot
 51173 | Slime:1  | Entered Level 1 of the Pits of Slime
 51191 | Slime:1  | Gained mutation: You occasionally shout uncontrollably at
                  | your foes. [a shining eye]
 53254 | Slime:3  | Gained mutation: Your body sometimes deteriorates upon
                  | taking damage. [a shining eye]
 53380 | Slime:3  | Lost mutation: You are partially covered in large bone
                  | plates. (SH +4) [potion of mutation]
 53380 | Slime:3  | Lost mutation: Your body sometimes deteriorates upon taking
                  | damage. [potion of mutation]
 53380 | Slime:3  | Gained mutation: Your system is resistant to poisons.
                  | (rPois) [potion of mutation]
 53380 | Slime:3  | Gained mutation: You are partially covered in iridescent
                  | scales. (AC +2) [potion of mutation]
 53782 | Slime:4  | Upgraded the game from 0.30-a0-748-ge6a52f7cba to
                  | 0.30-a0-757-ga6a79fd877
 54283 | Slime:5  | Entered Level 5 of the Pits of Slime
 54412 | Slime:5  | Noticed the Royal Jelly
 55164 | Elf:2    | Noticed Zenata
 55172 | Elf:2    | Killed Zenata
 55843 | Elf:3    | Found a runed translucent door.
 55843 | Elf:3    | Noticed SushiGirl's ghost (journeyman DECj)
 55867 | Elf:3    | Killed SushiGirl's ghost
 56086 | Elf:3    | Found Vuliri's Assorted Antiques.
 56124 | Elf:3    | Bought a potion of curing for 81 gold pieces
 56415 | Abyss:2  | Cast into level 2 of the Abyss (a deep elf sorcerer)
 56517 | Abyss:2  | Found a corrupted altar of Lugonu.
 56723 | Abyss:2  | Found a corrupted altar of Lugonu.
 56791 | Abyss:2  | Gained mutation: You are vulnerable to heat. (rF-) [a
                  | neqoxec]
 56802 | Abyss:2  | Reached skill level 22 in Fighting
 56803 | Elf:3    | Escaped the Abyss
 56820 | Elf:3    | Reached XP level 24. HP: 163/210 MP: 30/42
 56842 | Elf:3    | Reached skill level 5 in Stealth
 57135 | Elf:3    | Identified the +6 great sword "Qev Yves" {antimagic, rF+
                  | Will+++ Str-2 Dex-3}
 57274 | Elf:3    | Acquired 810 gold pieces
 57508 | Elf:3    | Identified the +6 trident "Ilobbuth" {drain, Int+4 Dex-5}
 57514 | Elf:3    | Got the Incunabulum of Amathomancy and Voltage
 57518 | Elf:3    | Learned a level 2 spell: Call Imp
 57549 | Elf:3    | Learned a level 4 spell: Animate Armour
 57661 | Elf:3    | Identified the +4 spear of Checks and Balances {drain,
                  | rPois rF+}
 57691 | Elf:3    | Identified the +4 short sword "Igaolid" {antimagic, Str+4
                  | Dex+5}
 58539 | Depths:3 | Noticed a caustic shrike
 58549 | Depths:3 | Killed a caustic shrike
 58562 | Depths:3 | Identified the amulet "Likatt" {Rampage rC+++ Regen+ Str-3
                  | Dex-3}
 58590 | Depths:3 | Reached skill level 23 in Fighting
 59003 | Depths:3 | Paralysed by a floating eye for 3 turns
 59006 | Depths:3 | Reached skill level 10 in Stealth
 60265 | Depths:3 | Identified the +1 broad axe of Success {freeze, *Noise
                  | Int+5}
 60405 | Depths:3 | Found a radiant altar of Vehumet.
 60705 | Depths:3 | Found a corrupted altar of Lugonu.
 60858 | Depths:4 | Entered Level 4 of the Depths
 61156 | Elf:1    | Bought an amulet of magic regeneration for 480 gold pieces
 61564 | Swamp:4  | Killed arthad's ghost
 61605 | Swamp:4  | Paralysed by you for 4 turns
 61879 | D:10     | Reached XP level 25. HP: 206/223 MP: 23/42
 61996 | D:6      | Bought shiny fire dragon scales for 1638 gold pieces
 62375 | Vaults:3 | Reached skill level 24 in Fighting
 62704 | Vaults:3 | Found a staircase to the Crypt.
 62717 | Vaults:3 | Noticed Bai Suzhen
 62745 | Vaults:3 | Killed Bai Suzhen
 63815 | Vaults:4 | Paralysed by a sphinx for 2 turns
 63900 | Vaults:4 | Reached skill level 15 in Polearms
 66159 | Depths:4 | Found Teimushru's Tempting Trifles.
 66167 | Depths:4 | Bought a scroll of teleportation for 36 gold pieces
 66173 | Depths:4 | Learned a level 4 spell: Passage of Golubria
 66586 | Depths:4 | Found an iron altar of Okawaru.
 66812 | Depths:4 | Reached XP level 26. HP: 234/234 MP: 4/43
 67178 | Depths:4 | Reached skill level 25 in Fighting
 67514 | Depths:4 | Found a gate to the Realm of Zot.
 67668 | Depths:4 | Found a one-way gateway to a ziggurat.
 68202 | Crypt:1  | Entered Level 1 of the Crypt
 69157 | Crypt:2  | Found a magical portal.
 69165 | WizLab   | Entered Borgnjor's Mausoleum
 69395 | WizLab   | Lost mutation: You are partially covered in iridescent
                  | scales. (AC +2) [potion of mutation]
 69395 | WizLab   | Lost mutation: Your mind is acute. (Int +4, Str/Dex -1)
                  | [potion of mutation]
 69395 | WizLab   | Gained mutation: You have a pair of small horns on your
                  | head. [potion of mutation]
 69395 | WizLab   | Gained mutation: Your mind is acute. (Int +4, Str/Dex -1)
                  | [potion of mutation]
 69396 | WizLab   | Lost mutation: You are vulnerable to heat. (rF-) [potion of
                  | mutation]
 69396 | WizLab   | Lost mutation: Your mind is acute. (Int +4, Str/Dex -1)
                  | [potion of mutation]
 69396 | WizLab   | Gained mutation: Your mind is acute. (Int +4, Str/Dex -1)
                  | [potion of mutation]
 69396 | WizLab   | Lost mutation: Your mind is acute. (Int +4, Str/Dex -1)
                  | [potion of mutation]
 69396 | WizLab   | Gained mutation: Your flesh is heat resistant. (rF+)
                  | [potion of mutation]
 69396 | WizLab   | Gained mutation: You are robust. (+10% HP) [potion of
                  | mutation]
 70134 | Crypt:2  | Reached skill level 10 in Translocations
 70442 | Crypt:2  | Reached skill level 15 in Dodging
 70984 | Crypt:3  | Entered Level 3 of the Crypt
 71403 | D:15     | Bought a +0 hat for 80 gold pieces
 71411 | D:15     | Lost mutation: Your flesh is heat resistant. (rF+) [potion
                  | of mutation]
 71411 | D:15     | Lost mutation: You are robust. (+10% HP) [potion of
                  | mutation]
 71411 | D:15     | Gained mutation: Your spells are a little easier to cast,
                  | but a little less powerful. [potion of mutation]
 71412 | D:15     | Lost mutation: You occasionally lose the ability to read
                  | scrolls when taking damage. [potion of mutation]
 71412 | D:15     | Lost mutation: Your system is resistant to poisons. (rPois)
                  | [potion of mutation]
 71412 | D:15     | Lost mutation: You occasionally shout uncontrollably at
                  | your foes. [potion of mutation]
 71412 | D:15     | Gained mutation: You are agile. (Dex +4, Str/Int -1)
                  | [potion of mutation]
 71413 | D:15     | Lost mutation: You are agile. (Dex +4, Str/Int -1) [potion
                  | of mutation]
 71413 | D:15     | Lost mutation: You have a pair of small horns on your head.
                  | [potion of mutation]
 71413 | D:15     | Gained mutation: You are resistant to electric shocks.
                  | (rElec) [potion of mutation]
 71413 | D:15     | Gained mutation: You are agile. (Dex +4, Str/Int -1)
                  | [potion of mutation]
 71414 | D:15     | Lost mutation: You are resistant to electric shocks.
                  | (rElec) [potion of mutation]
 71414 | D:15     | Lost mutation: You are agile. (Dex +4, Str/Int -1) [potion
                  | of mutation]
 71414 | D:15     | Lost mutation: Your spells are a little easier to cast, but
                  | a little less powerful. [potion of mutation]
 71414 | D:15     | Gained mutation: You occasionally lose the ability to read
                  | scrolls when taking damage. [potion of mutation]
 71414 | D:15     | Gained mutation: Your spells are a little harder to cast,
                  | but a little more powerful. [potion of mutation]
 71415 | D:15     | Lost mutation: You occasionally lose the ability to read
                  | scrolls when taking damage. [potion of mutation]
 71415 | D:15     | Lost mutation: Your spells are a little harder to cast, but
                  | a little more powerful. [potion of mutation]
 71415 | D:15     | Gained mutation: You are frail. (-10% HP) [potion of
                  | mutation]
 71415 | D:15     | Gained mutation: Your body sometimes deteriorates upon
                  | taking damage. [potion of mutation]
 71415 | D:15     | Gained mutation: You possess an exceptional clarity of
                  | mind. [potion of mutation]
 71416 | D:15     | Lost mutation: You are frail. (-10% HP) [potion of
                  | mutation]
 71416 | D:15     | Lost mutation: Your body sometimes deteriorates upon taking
                  | damage. [potion of mutation]
 71416 | D:15     | Lost mutation: You possess an exceptional clarity of mind.
                  | [potion of mutation]
 71416 | D:15     | Gained mutation: Your body sometimes deteriorates upon
                  | taking damage. [potion of mutation]
 71416 | D:15     | Gained mutation: You passively dampen the noise of your
                  | surroundings. [potion of mutation]
 71416 | D:15     | Gained mutation: Your mind is acute. (Int +4, Str/Dex -1)
                  | [potion of mutation]
 71417 | D:15     | Lost mutation: You passively dampen the noise of your
                  | surroundings. [potion of mutation]
 71417 | D:15     | Lost mutation: Your mind is acute. (Int +4, Str/Dex -1)
                  | [potion of mutation]
 71417 | D:15     | Lost mutation: Your body sometimes deteriorates upon taking
                  | damage. [potion of mutation]
 71417 | D:15     | Gained mutation: You are weak. (Str -2) [potion of
                  | mutation]
 71417 | D:15     | Gained mutation: You occasionally lose the ability to drink
                  | potions when taking damage. [potion of mutation]
 71417 | D:15     | Gained mutation: Your flesh is heat resistant. (rF+)
                  | [potion of mutation]
 71418 | D:15     | Lost mutation: You are weak. (Str -2) [potion of mutation]
 71418 | D:15     | Lost mutation: You occasionally lose the ability to drink
                  | potions when taking damage. [potion of mutation]
 71418 | D:15     | Gained mutation: You are dopey. (Int -2) [potion of
                  | mutation]
 71418 | D:15     | Gained mutation: You are agile. (Dex +4, Str/Int -1)
                  | [potion of mutation]
 71573 | Vaults:4 | Upgraded the game from 0.30-a0-757-ga6a79fd877 to
                  | 0.30-a0-760-g5a9884bb7c
 71577 | Vaults:5 | Entered Level 5 of the Vaults
 71585 | Vaults:5 | Reached skill level 1 in Transmutations
 71586 | Vaults:5 | Reached skill level 1 in Earth Magic
 71589 | Vaults:5 | Reached XP level 27. HP: 179/242 MP: 26/44
 71592 | Vaults:5 | Noticed a dread lich
 71759 | Vaults:5 | Killed a dread lich
 71775 | Vaults:5 | Reached skill level 5 in Transmutations
 71815 | Vaults:5 | Reached skill level 5 in Earth Magic
 72331 | Orc:2    | Bought a book of the Senses for 416 gold pieces
 72337 | Orc:2    | Learned a level 5 spell: Silence
 72588 | Vaults:5 | Reached skill level 1 in Air Magic
 72696 | Vaults:5 | Reached skill level 5 in Hexes
 73045 | Vaults:5 | Identified the +0 leather armour of the Undertaker {-Tele
                  | rF+ rN+}
 73124 | Vaults:5 | Found Demyosa's Antique Armour Shoppe.
 73128 | Vaults:5 | Identified the +5 dagger "Rem Ygag" {elec, *Noise rPois rC-
                  | Stlth+}
 73137 | Vaults:5 | Bought a heavily runed plate armour for 448 gold pieces
 73137 | Vaults:5 | Identified the +7 plate armour of Negligence {Will+ Dex+3}
                  | (You bought it in a shop on level 5 of the Vaults)
 73293 | Vaults:5 | Got a silver rune of Zot
 73327 | Vaults:5 | Identified the +1 mace "Opha" {flame, rElec rPois Int+3}
 73573 | Vaults:5 | Got Otte's Handbook of Niveous Hyperthermia
 73589 | Vaults:5 | Identified the +0 helmet "Pekkuj" {+Blink rPois Regen+
                  | SInv}
 73874 | Vaults:5 | Identified the +9 dagger of the Lame Duck {heavy, rC+ rN+}
 73877 | Vaults:5 | Got the Spellbook of Cooperative Location
 73879 | Vaults:5 | Identified the +4 spear "Weoreo" {drain, rElec rC+}
 73899 | Vaults:5 | Learned a level 8 spell: Summon Horrible Things
 73921 | Vaults:5 | Identified the +5 arbalest of Terrible Expedience {elec,
                  | rPois rF+ Will+ Str-2}
 74447 | Crypt:3  | Upgraded the game from 0.30-a0-760-g5a9884bb7c to
                  | 0.30-a0-777-ga9a30cbeda
 74525 | Crypt:3  | Acquired a +1 pair of gloves of strength
 74629 | Crypt:3  | Found a staircase to the Tomb.
 74889 | Crypt:3  | Noticed a royal mummy
 74897 | Crypt:3  | Killed a royal mummy
 75089 | Crypt:3  | Found a basalt altar of Yredelemnul.
 75147 | Crypt:3  | Got Rymn's Vellum of the Befouled Blaze
 75315 | Crypt:3  | Got the Grimoire of Resurrection
 75405 | Crypt:3  | Identified the +4 robe "Dangutsu" {Will+ Regen+ Int-4
                  | Dex+3}
 75730 | Tomb:1   | Entered Level 1 of the Tomb of the Ancients
 75736 | Tomb:1   | Acquired the amulet "Ufalecuw" {rPois Regen+ Int+3 Dex+2}
 76678 | Zot:1    | Entered Level 1 of the Realm of Zot
 76825 | Zot:1    | Noticed Parghit
 76845 | Zot:1    | Killed Parghit
 77359 | Zot:1    | Noticed an orb of fire
 77367 | Zot:1    | Killed an orb of fire
 79579 | Zot:3    | Noticed an orb of fire
 79581 | Zot:3    | Gained mutation: Your magical capacity is low. (-10% MP)
                  | [an orb of fire]
 79587 | Zot:3    | Killed an orb of fire
 80821 | Zot:4    | Found the +4 dragonskin cloak
 80821 | Zot:4    | Noticed Tiamat
 82109 | Zot:4    | Killed Tiamat
 82265 | Zot:4    | Identified the +1 ring mail of the Silly Sunfish {rC+}
 82524 | Zot:5    | Entered Level 5 of the Realm of Zot
 83180 | Zot:5    | Noticed an ancient lich
 83182 | Zot:5    | Noticed an orb of fire
 83188 | Zot:5    | Gained mutation: You are weak. (Str -2) [an orb of fire]
 83212 | Zot:5    | Gained mutation: You sometimes lose your temper in combat.
                  | [an orb of fire]
 83213 | Zot:5    | Gained mutation: You occasionally lose the ability to drink
                  | potions when taking damage. [an orb of fire]
 83217 | Zot:5    | Killed an orb of fire
 83227 | Zot:5    | Lost mutation: You are agile. (Dex +4, Str/Int -1) [potion
                  | of mutation]
 83227 | Zot:5    | Lost mutation: Your flesh is heat resistant. (rF+) [potion
                  | of mutation]
 83227 | Zot:5    | Gained mutation: Your system is resistant to poisons.
                  | (rPois) [potion of mutation]
 83227 | Zot:5    | Lost mutation: You occasionally lose the ability to drink
                  | potions when taking damage. [potion of mutation]
 83228 | Zot:5    | Lost mutation: Your system is resistant to poisons. (rPois)
                  | [potion of mutation]
 83228 | Zot:5    | Lost mutation: You are dopey. (Int -2) [potion of mutation]
 83228 | Zot:5    | Gained mutation: Your mind is acute. (Int +4, Str/Dex -1)
                  | [potion of mutation]
 83228 | Zot:5    | Gained mutation: Armour fits poorly on your strangely
                  | shaped body. [potion of mutation]
 83228 | Zot:5    | Gained mutation: You have a pair of small horns on your
                  | head. [potion of mutation]
 83228 | Zot:5    | Gained mutation: You have a pair of horns on your head.
                  | [potion of mutation]
 83229 | Zot:5    | Lost mutation: You sometimes lose your temper in combat.
                  | [potion of mutation]
 83229 | Zot:5    | Lost mutation: You have a pair of horns on your head.
                  | [potion of mutation]
 83229 | Zot:5    | Lost mutation: You have a pair of small horns on your head.
                  | [potion of mutation]
 83229 | Zot:5    | Gained mutation: You are occasionally teleported next to
                  | monsters. [potion of mutation]
 83361 | Zot:5    | Noticed a dread lich
 83365 | Zot:5    | Killed a dread lich
 83369 | Zot:5    | Killed an ancient lich
 83536 | Zot:5    | Noticed an ancient lich
 83540 | Zot:5    | Noticed a dread lich
 83545 | Zot:5    | Killed a dread lich
 83547 | Zot:5    | Killed an ancient lich
 83549 | Zot:5    | Noticed an orb of fire
 83560 | Zot:5    | Killed an orb of fire
 83564 | Zot:5    | Noticed a dread lich
 83569 | Zot:5    | Noticed an ancient lich
 83751 | Zot:5    | Killed an ancient lich
 83823 | Zot:5    | Killed a dread lich
 84154 | Zot:5    | Got the Orb of Zot
 84251 | Zot:2    | Noticed Gubaf the pandemonium lord
 84369 | D:15     | Noticed a seraph
 84597 | D:1      | Noticed Nykhlext the pandemonium lord
 84597 | D:1      | Noticed an ancient lich
 84637 | D:$      | Escaped with the Orb!

Illustrated notes

Levels and vault maps discovered:
D:1:      dpeg_arrival_water_fire, layout_basic, minmay_misc_feat_nine_boxes
D:2:      layout_basic
D:3:      layout_loops_corners, serial_bayou_pond_d
D:4:      minmay_angry_zag, layout_rooms, mainiacjoe_overflow_24_doors,
          nicolae_ru_sacrificial_ziggurat, mainiacjoe_overflow_catwalk
D:5:      layout_loops_cross, mainiacjoe_overflow_alcove_4,
          nicolae_tso_carved_into_rock, minmay_temple_entry_large_hall
D:6:      kennysheep_big_flooded_room, layout_cave_pods,
          lemuel_zombie_altar_kikubaaqudgha, brannock_xom_greatest_gift,
          serial_shops, shop, minmay_misc_feat_rows
D:7:      layout_rooms, nicolae_gozag_seed_capital
D:8:      layout_basic, worldfamousw_hep_ancestral_shrine,
          hangedman_decor_growths
D:9:      minmay_weird_star, layout_basic, grunt_lair_entry_orc_guard_hut,
          minmay_fire_ice_demons, uniq_maggie, uniq_erolcha
D:10:     gammafunk_wand_slinger, layout_basic, minivault_13, uniq_maurice
D:11:     layout_cave_pods, david_orc_4, minmay_fountain_box
D:12:     minmay_connected_boxes_in_corner, layout_stronghold, drop_trap,
          minmay_misc_feat_cross, eino_house_with_fridge
D:13:     layout_roguey
D:14:     layout_stronghold, erik_vaults_1, uniq_roxanne, uniq_frances
D:15:     gammafunk_depths_entry_grave, layout_basic, serial_co_window_serial,
          co_window_of_opportunity_a, co_window_corner_a, co_window_paths_a,
          co_window_paths_b, co_window_corner_a, co_window_paths_a,
          co_window_corner_a, co_window_corner_a, co_window_cross_1,
          co_window_broadway_c, co_window_corner_b, co_window_paths_c,
          glass_columns_a, enter_trove_1, nicolae_alphabet_shops
Lair:1:   layout_regular_city, serial_forest, infiniplex_forest_lined_1,
          infiniplex_forest_lined_corner, infiniplex_forest_straight_4,
          infiniplex_forest_lined_corner, infiniplex_forest_clump_tiny,
          infiniplex_forest_end_3, infiniplex_forest_lined_2, minivault_23,
          grunt_forest_large_clearings
Lair:2:   layout_cellular_growth, nicolae_swamp_entry_spooky
Lair:3:   layout_gridlike, spider_nest_entry_funnel_web, uniq_josephine
Lair:4:   layout_layer_cave, nicolae_slime_entry_slimehenge,
          nicolae_lair_grazing_beasts [nicolae_sub_lair_graze_edge,
          nicolae_sub_lair_graze_edge, nicolae_sub_lair_graze_edge,
          nicolae_sub_lair_graze_edge], lemuel_fruit_fields
Lair:5:   hellmonk_lair_end_abyssal_woods, layout_layer_cave,
          infiniplex_staircase_pool
Swamp:1:  layout_falls_marsh, serial_swamp_ruin, evilmike_swamp_ruin_house_6,
          hangedman_swamp_ruin_hall, swamp_pool4
Swamp:2:  layout_falls_marsh, nicolae_swamp_bean_lake, swamp_pool3
Swamp:3:  layout_falls_marsh, nicolae_swamp_godswood, swamp_pool2
Swamp:4:  swamp, layout_basic_swamp, gammafunk_ghost_abyssal_escape, swamp_pool3
Spider:1: layout_spider_delve, uniq_asterion, uniq_aizul, uniq_mlioglotl
Spider:2: layout_spider_delve, special_room [special_room_bee],
          nicolae_spider_moth_buddies, uniq_louise, uniq_arachne
Spider:3: layout_spider_delve, portal_ice_cave_entry_pillars_four
Spider:4: grunt_spider_rune_parallel, ebering_ghost_reflecting_pool
Slime:1:  layout_caves
Slime:2:  layout_caves, nicolae_slime_crime_time
Slime:3:  layout_caves, nicolae_slime_getting_an_eyeful
Slime:4:  cheibrodos_slime_lost_civilization_8, layout_caves
Slime:5
Orc:1:    layout_caves, bloody_makhleb, uniq_urug
Orc:2:    grunt_orc_cross, layout_caves, mines2_david
Elf:1:    layout_loops_cross, serial_shops, shop, hangedman_elf_disciples,
          minmay_shop_grove
Elf:2:    elven_hall_of_blades_hangedman_original
          [nicolae_blade_entry_sentries_behind_glass], layout_gridlike,
          uniq_zenata, uniq_azrael
Elf:3:    minmay_elf_hall_x, layout_geoelf_castle,
          hellmonk_ghost_happy_afterlife, serial_shops, nicolae_shop_stone,
          basic_altar, nicolae_wooded_promenade, st_stairs_10, minivault_11
Vaults:1: v_alt_pattern_3, vaults_room_semicircle, vaults_room_semicircle,
          vaults_mumra_chevron, nicolae_vaults_statue_guard,
          dpeg_vaults_monster_box, vaults_mumra_minichess_inversion,
          nicolae_vaults_yaktaur_gun_rack, ontoclasm_vaults_tryst,
          ontoclasm_vaults_hangar, vaults_room_corners, vaults_room_pools,
          vaults_room_hallway, layout_vaults_omnicross, serial_shops,
          nicolae_shop_trees
Vaults:2: hangedman_vaults_corner_blocks, v_misc_33, v_misc_13, v_alt_pattern_4,
          ontoclasm_vaults_ring_large, ontoclasm_vaults_ring_small,
          nicolae_vaults_circle_grid_a, vaults_room_ringed_pool,
          vaults_dpeg_cross, vaults_room_fours, ontoclasm_vaults_water_temple,
          layout_vaults_omnigrid, serial_shops, shop_fountains
Vaults:3: vaults_dpeg_ring, vaults_room_stairs_pillars, v_misc_10,
          nicolae_vaults_asterisk, grunt_vaults_twisty,
          nicolae_vaults_network_quinsquares
          [nicolae_vaults_network_quincunx_subvault,
          nicolae_vaults_network_quincunx_subvault,
          nicolae_vaults_network_quincunx_subvault,
          nicolae_vaults_network_quincunx_subvault], nicolae_vaults_little_ls,
          v_misc_22, minmay_crypt_entry_simple_sparse,
          nicolae_vaults_specimen_jars, v_pattern_3, hangedman_vaults_unwind,
          st_diamondy, vaults_dpeg_emergency_exit, layout_vaults_maze_snakey,
          uniq_bai_suzhen
Vaults:4: nicolae_vaults_an_arrangement, v_misc_4, serial_ice_g,
          dpeg_vaults_monster_row, v_rooms_6, nicolae_vaults_back_hallway,
          nicolae_vaults_network_square, grunt_vaults_swirl,
          vaults_room_door_hall, v_misc_24, ontoclasm_vaults_misaligned,
          nicolae_vaults_rhombus_7, ontoclasm_vaults_ring_small,
          layout_vaults_omnibox
Vaults:5: serial_shops
Crypt:1:  layout_regular_city, minmay_misc_feat_hallway,
          grunt_crypt_arrival_webbed
Crypt:2:  layout_misc_corridors, mu_enter_wizlab_6,
          roderic_lattice_octagonal_star, grunt_megastairs_3
Crypt:3:  church_of_pain_bobbens, layout_chaotic_city
Tomb:1
Depths:1: layout_cave_pools, nicolae_hell_entry_hellmouth_sunbeams,
          lemuel_round_altar, nicolae_ashenzari_panopticon, uniq_mara
Depths:2: grunt_forest_end_shrine, layout_gridlike, rand_demon_pan_entry_8,
          nicolae_water_bricks, hell_entry, minmay_shoptagon
Depths:3: nzn_winding_woodlands_large [nzn_winding_woodlands_5x5_checkerboard,
          nzn_winding_woodlands_5x15_crooked,
          nzn_winding_woodlands_5x5_closed_star,
          nzn_winding_woodlands_center_garden,
          nzn_winding_woodlands_15x15_five_gardens,
          nzn_winding_woodlands_center_lodge,
          nzn_winding_woodlands_5x5_open_star,
          nzn_winding_woodlands_5x15_river_crossing,
          nzn_winding_woodlands_5x5_default], layout_cave_shapes,
          pf_hell_entry_tar_spiral, nicolae_vehumet_altar_sigil,
          abyss_entry_flame_altar, lemuel_flamethrower_2,
          infiniplex_staircase_pool_2
Depths:4: lemuel_castle_with_subvaults [lemuel_castle_interior_carwin_1],
          layout_cave_pools, enter_ziggurat_f, hellmouth_1, nrook_campfire,
          nicolae_alphabet_shops, hellmonk_okawaru_the_only_friend_you_need
Zot:1:    layout_gridlike, uniq_parghit
Zot:2:    layout_gridlike
Zot:3:    layout_concentric_octagons
Zot:4:    layout_twisted_circle, uniq_tiamat
Zot:5:    layout_cellular_growth, grunt_ministairs_11

Skill      XL: |  1  2  3  4  5  6  7  8  9 10 11 12 13 14 15 16 17 18 19 20 21 22 23 24 25 26 27 |
---------------+----------------------------------------------------------------------------------+-----
Fighting       | 1 2 3 4 5 7 8 10 11 12 13 15 16 17 18 20 21 22 23 24 25 | 25.0
Short Blades   | 1 |  1.0
Spellcasting   | 3 4 5 6 7 8 10 11 12 13 14 15 16 17 20 | 20.0
Summonings     | 5 6 7 8 10 11 12 13 14 15 16 17 20 | 20.9
Armour         | 1 2 3 4 5 6 7 8 10 11 12 14 | 14.8
Dodging        | 4 5 7 9 11 13 15 | 15.0
Shields        | 4 6 8 9 10 11 12 13 14 | 14.6
Polearms       | 1 7 9 11 13 14 16 19 22 | 22.0
Invocations    | 4 5 6 |  6.3
Hexes          | 3 4 6 |  6.5
Translocations | 2 5 7 10 | 10.2
Evocations     | 4 |  4.8
Stealth        | 3 12 | 12.0
Transmutations | 2 6 |  6.0
Earth Magic    | 2 5 |  5.4
Air Magic      | 4 |  4.0

Action                     |  1- 3 |  4- 6 |  7- 9 | 10-12 | 13-15 | 16-18 | 19-21 | 22-24 | 25-27 || total
---------------------------+-------+-------+-------+-------+-------+-------+-------+-------+-------++-------
  Melee: Unarmed           |    22 |       |       |       |       |       |       |       |     1 ||    23
         Punch             |     1 |     1 |       |     1 |       |       |       |       |       ||     3
         Short sword       |    32 |    81 |   158 |    42 |       |       |       |       |       ||   313
         Trident           |       |       |       |   265 |   877 |   500 |   695 |   170 |       ||  2507
         Tailslap          |       |       |       |       |    12 |    20 |    23 |     5 |       ||    60
         Demon trident     |       |       |       |       |       |       |       |   940 |  1554 ||  2494
         Headbutt          |       |       |       |       |       |       |       |       |    26 ||    26
   Fire: Sling             |    39 |       |       |       |       |       |       |       |       ||    39
   Cast: Summon Small Mamm |    16 |       |     2 |    10 |       |       |       |       |       ||    28
         Call Imp          |    11 |    22 |    21 |    32 |    19 |    13 |     4 |     1 |       ||   123
         Call Canine Famil |       |     4 |    22 |    49 |    93 |    65 |    42 |     2 |       ||   277
         Summon Guardian G |       |       |     5 |    31 |    43 |    30 |    57 |       |    10 ||   176
         Summon Lightning  |       |       |       |     8 |    30 |     9 |     5 |       |     4 ||    56
         Inner Flame       |       |       |       |     7 |    10 |       |       |     1 |     2 ||    20
         Blink             |       |       |       |     1 |     5 |       |    10 |    10 |    21 ||    47
         Summon Forest     |       |       |       |       |    34 |    54 |    70 |    68 |    71 ||   297
         Summon Hydra      |       |       |       |       |       |    22 |   150 |    65 |   290 ||   527
         Summon Cactus Gia |       |       |       |       |       |       |    17 |   117 |   118 ||   252
         Summon Mana Viper |       |       |       |       |       |       |     9 |    69 |    72 ||   150
         Leda's Liquefacti |       |       |       |       |       |       |     1 |       |       ||     1
         Manifold Assault  |       |       |       |       |       |       |       |    96 |   286 ||   382
         Animate Armour    |       |       |       |       |       |       |       |    36 |    85 ||   121
         Passage of Golubr |       |       |       |       |       |       |       |       |    14 ||    14
         Summon Horrible T |       |       |       |       |       |       |       |       |    31 ||    31
         Passwall          |       |       |       |       |       |       |       |       |    11 ||    11
 Invoke: Bend Time         |       |       |       |       |     1 |       |     2 |     3 |       ||     6
         Temporal Distorti |       |       |       |       |       |       |       |     2 |       ||     2
         Slouch            |       |       |       |       |       |       |       |       |     1 ||     1
  Evoke: Wand              |       |       |       |       |       |     4 |     6 |    13 |    14 ||    37
         Lightning rod     |       |       |       |       |       |       |     1 |       |       ||     1
         Tin of tremorston |       |       |       |       |       |       |       |     1 |       ||     1
         Phial of floods   |       |       |       |       |       |       |       |       |     1 ||     1
         Box of beasts     |       |       |       |       |       |       |       |       |     1 ||     1
    Use: Scroll            |       |       |    11 |     6 |    20 |     7 |    12 |    11 |    31 ||    98
         Potion            |       |       |     2 |       |     2 |     2 |     7 |    14 |    30 ||    57
   Stab: Sleeping          |     1 |     6 |       |       |     2 |       |     2 |     2 |     7 ||    20
         Distracted        |       |     1 |     4 |    21 |    32 |    34 |    38 |    49 |    65 ||   244
         Betrayed ally     |       |       |       |       |     1 |     1 |       |       |       ||     2
         Invisible         |       |       |       |       |       |       |       |       |     6 ||     6
 Armour: Robe              |    13 |     4 |       |       |       |       |       |       |       ||    17
         Ring mail         |       |    20 |     1 |       |       |       |       |       |       ||    21
         Scale mail        |       |       |   107 |    74 |   160 |    66 |   127 |   131 |       ||   665
         Acid dragon scale |       |       |       |       |       |       |       |    44 |    15 ||    59
         Shadow dragon sca |       |       |       |       |       |       |       |    89 |   144 ||   233
         Gold dragon scale |       |       |       |       |       |       |       |       |    83 ||    83
         Plate armour      |       |       |       |       |       |       |       |       |    42 ||    42
  Dodge: Dodged            |    45 |    33 |   119 |   186 |   330 |   198 |   266 |   506 |   566 ||  2249
         Repelled          |       |       |       |       |       |       |       |     1 |       ||     1
  Block: Other             |       |       |    10 |       |       |       |       |       |       ||    10
         Buckler           |       |       |       |   189 |   584 |   198 |       |       |       ||   971
         Reflection        |       |       |       |       |    19 |    18 |   111 |    39 |       ||   187
         Kite shield       |       |       |       |       |       |   181 |   717 |  1154 |   845 ||  2897

Table legend: (Time is in decaauts)
 A = Elapsed time spent in this place.
 B = Non-inter-level travel time spent in this place.
 C = Inter-level travel time spent in this place.
 D = Time resting spent in this place.
 E = Time spent auto-exploring this place.
 F = Levels seen in this place.
 G = Mean time per level.
                   A        B        C        D        E       F      G
               +--------+--------+--------+--------+--------+-----+--------+
         Total | 123971 | 106293 |  17678 |  15671 |  61313 |  59 | 2101.2 |
       Dungeon |  28722 |  22899 |   5823 |   2496 |  15272 |  15 | 1914.8 |
          Lair |  13770 |  11807 |   1963 |   1234 |   8143 |   5 | 2754.0 |
         Swamp |   6386 |   5791 |    595 |    464 |   3862 |   4 | 1596.5 |
   Spider Nest |   5978 |   5718 |    260 |   1371 |   2731 |   4 | 1494.5 |
    Slime Pits |   5375 |   4816 |    559 |   1106 |   2200 |   5 | 1075.0 |
  Orcish Mines |   3481 |   2641 |    840 |     26 |   1891 |   2 | 1740.5 |
   Elven Halls |   9216 |   8215 |   1001 |   1629 |   4343 |   3 | 3072.0 |
        Vaults |  16372 |  13579 |   2793 |   1451 |   9376 |   5 | 3274.4 |
         Crypt |   6563 |   5717 |    846 |    562 |   3470 |   3 | 2187.7 |
          Tomb |    949 |    949 |      0 |     87 |      0 |   1 |  949.0 |
        Depths |  13088 |  11238 |   1850 |   2657 |   5392 |   4 | 3272.0 |
           Zot |  10966 |   9822 |   1144 |   1417 |   4390 |   5 | 2193.2 |
         Abyss |    519 |    519 |      0 |    127 |      0 |   1 |  519.0 |
      Ice Cave |   1612 |   1612 |      0 |    850 |      1 |   1 | 1612.0 |
        Wizlab |    967 |    967 |      0 |    193 |    239 |   1 |  967.0 |
               +--------+--------+--------+--------+--------+-----+--------+

Top non-repeatable levels by time:
    D:15: 4521 daAuts
Vaults:2: 4320 daAuts
Depths:3: 4029 daAuts
Depths:2: 3870 daAuts
  Lair:5: 3630 daAuts
   Elf:3: 3474 daAuts
Vaults:1: 3380 daAuts
   Elf:2: 3321 daAuts
    D:11: 3071 daAuts
Vaults:3: 3067 daAuts
  Lair:4: 2957 daAuts
Depths:4: 2906 daAuts
Vaults:5: 2830 daAuts
Vaults:4: 2773 daAuts
   Zot:4: 2760 daAuts
